Staline vs Influenza (R3)

Created - November 2, 2018 at 19:08

Goals
1 2 3 T
Staline 1 3 1 5
Influenza 1 1 2 4
Shots
1 2 3 T
Staline 7 14 8 29
Influenza 10 10 12 32

1st period

1. Staline , Lars Eller 3 (Tyler Pitlick 4) at 18:48 (PP)
2. Influenza , T.J Galiardi 7 (Beau Bennett 8, Calvin de Haan 10) at 19:00

Penalties :
Cameron Gaunce (StJ) for Hooking (Minor) at 6:21, Philip Larsen (StJ) for Interference (Minor) at 10:40, Anthony Mantha (VJB) for Hooking (Minor) at 18:43

2nd period

3. Staline , Tyler Pitlick 3 (Nick Spaling 7, Lars Eller 10) at 0:04
4. Staline , Danny Kristo 3 (Jiri Sekac 2, Marek Zagrapan 2) at 13:52
5. Staline , Philip Larsen 2 (Tyler Pitlick 5) at 14:34 (PP)
6. Influenza , Beau Bennett 9 (T.J Galiardi 6, Calvin de Haan 11) at 18:33 (PP)

Penalties :
Lars Eller (StJ) for Hooking (Minor) at 0:15, Andrey Pedan (StJ) for Roughing (Minor) at 2:52, Max Domi (VJB) for Slashing (Minor) at 6:57, Lars Eller (StJ) for Holding (Minor) at 7:09, Anthony Mantha (VJB) for Hooking (Minor) at 10:02, Paul Ladue (VJB) for Roughing (Minor) at 11:02, Nick Spaling (StJ) for Roughing (Minor) at 11:21, Mathieu Carle (VJB) for Hooking (Minor) at 14:20, Andrey Pedan (StJ) for Hooking (Minor) at 18:21, Nick Spaling (StJ) for Holding Stick (Minor) at 19:32

3rd period

7. Influenza , T.J Galiardi 8 (Beau Bennett 9, Calvin de Haan 12) at 0:16 (PP)
8. Influenza , Johan Larsson 1 (Jake Guentzel 3, Anthony Mantha 1) at 5:47
9. Staline , Nick Spaling 5 (Lars Eller 11) at 7:46 (PP)

Penalties :
Philip Larsen (StJ) for Tripping (Minor) at 1:03, T.J Galiardi (VJB) for Kneeing (Minor) at 2:28, Iiro Pakarinen (VJB) for Cross-checking (Minor) at 7:45, Andrey Pedan (StJ) for Hooking (Minor) at 9:47, Mike Reilly (StJ) for Holding (Minor) at 14:23, Marek Zagrapan (StJ) for Roughing (Minor) at 17:07

Goalie Stats

Joni Ortio (StJ), 28 saves from 32 shots - (0.875), W, 5-0-0, 60:00 minutes
Jeremy Duchesne (VJB), 24 saves from 29 shots - (0.828), L, 4-3-0, 59:11 minutes

Players Stats for Staline

Player Name              G  A  P  +/- PIM S  H  SB GA TA FO     MP     PP MP  PK MP  
------------------------------------------------------------------------------------
Alex Petrovic            0  0  0   1  0   1  0  1  0  0  0/0    18:49   0:55   6:06 
Andrey Pedan             0  0  0   0  6   0  1  0  0  0  0/0     7:57   0:00   0:46 
Barclay Goodrow          0  0  0   0  0   1  0  0  0  0  1/1     5:25   0:00   0:00 
Bryan Bickell            0  0  0  -1  0   1  1  0  0  0  1/1    13:45   1:07   2:11 
Cameron Gaunce           0  0  0  -1  2   2  2  1  0  1  0/0    29:33   2:21   8:56 
Charles Hudon            0  0  0   0  0   0  0  0  0  0  0/0     5:25   0:00   0:00 
Corey Trivino            0  0  0  -1  0   3  0  2  0  0  4/7    17:16   1:07   5:29 
Danny Kristo             1  0  1   1  0   3  1  0  1  0  0/0     7:42   0:00   0:00 
David Musil              0  0  0   0  0   0  0  0  0  0  0/0     0:50   0:16   0:00 
Jiri Sekac               0  1  1   1  0   1  0  0  0  0  1/1     7:42   0:00   0:00 
Jordan Szwarz            0  0  0  -1  0   1  1  0  0  0  1/1    10:29   1:07   0:00 
Lars Eller               1  2  3   0  4   2  1  1  1  0  21/38  19:19   2:08   4:27 
Marek Zagrapan           0  1  1   1  2   0  1  1  0  0  2/7    12:05   0:00   3:10 
Mike Reilly              0  0  0   0  2   0  0  1  0  0  0/0     9:12   0:00   2:37 
Nick Spaling             1  1  2   0  4   3  0  2  1  0  11/18  24:20   2:08   8:17 
Nikita Nesterov          0  0  0   0  0   0  0  0  0  0  0/0     2:56   0:00   0:00 
Peter Holland            0  0  0   0  0   3  2  0  0  0  1/1     7:22   0:00   0:51 
Philip Larsen            1  0  1  -1  4   1  2  4  1  1  0/0    28:47   2:05   8:37 
Sergey Tolchinsky        0  0  0   0  0   0  0  0  0  0  0/0     0:34   0:00   0:02 
Tobias Lindberg          0  0  0   0  0   1  0  0  0  0  2/3     1:14   0:00   0:00 
Tyler Lewington          0  0  0   0  0   0  0  0  0  0  0/0     3:11   0:00   0:11 
Tyler Pitlick            1  2  3   0  0   6  2  0  0  0  0/3    26:05   2:09   9:03 
Viktor Loov              0  0  0   1  0   0  0  1  0  0  0/0    19:04   0:55   6:17 

Players Stats for Influenza

Player Name              G  A  P  +/- PIM S  H  SB GA TA FO     MP     PP MP  PK MP  
------------------------------------------------------------------------------------
Anthony Mantha           0  1  1   1  4   1  0  0  0  1  0/0     9:14   0:00   0:00 
Beau Bennett             1  2  3  -1  0   3  2  0  0  0  2/4    21:02   8:51   0:15 
Calvin de Haan           0  3  3  -1  0   2  3  2  0  1  0/0    30:18   9:34   2:54 
Charlie Coyle            0  0  0  -1  0   4  0  0  0  0  17/41  25:56   8:57   2:02 
Dmitry Sinitsyn          0  0  0   0  0   0  0  0  0  0  0/0     9:10   0:00   0:00 
Iiro Pakarinen           0  0  0   0  2   1  2  1  0  0  1/1    16:58   7:18   0:00 
Jake Guentzel            0  1  1   1  0   2  0  1  0  0  3/7    10:30   0:18   0:00 
Johan Larsson            1  0  1   1  0   3  2  0  1  0  1/1    10:22   0:00   0:43 
Jordan Schroeder         0  0  0   0  0   1  0  0  0  0  2/4     7:24   0:35   0:33 
Justin Bailey            0  0  0   0  0   0  0  0  0  0  0/0     5:21   0:09   0:00 
Mark Olver               0  0  0   0  0   3  1  0  0  0  1/7    16:55   7:18   0:15 
Mathieu Carle            0  0  0  -1  2   0  3  1  0  1  0/0    30:03   9:34   2:40 
Max Domi                 0  0  0   0  2   3  3  0  1  0  1/3    17:51   7:38   0:52 
Nikita Gusev             0  0  0   0  0   0  0  0  0  0  0/0     5:02   0:00   0:00 
Nikita Zadorov           0  0  0   0  0   2  0  1  0  0  0/0     9:41   0:19   0:14 
Paul Ladue               0  0  0   1  2   1  0  0  0  1  0/0    20:24   7:11   1:01 
T.J Galiardi             2  1  3  -1  2   4  2  0  0  0  8/13   24:25   8:51   2:13 
Tim Erixon               0  0  0   1  0   2  2  2  0  0  0/0    21:01   7:11   1:02 

3 Stars

1 - Tyler Pitlick (StJ)
2 - T.J Galiardi (VJB)
3 - Beau Bennett (VJB)

Power Play

Staline - 3 on 7 Attempt(s) - 42.86%
Influenza - 2 on 12 Attempt(s) - 16.67%

Penalty Kill

Staline - 10 on 12 Attempt(s) - 83.33% - Score 0 goal in Penalty Kill
Influenza - 4 on 7 Attempt(s) - 57.14% - Score 0 goal in Penalty Kill

Team Stat

Staline - Hits : 14 - Faceoff Wins : 45 - Blocked Shots : 14 - Penalty Minutes : 24
Influenza - Hits : 20 - Faceoff Wins : 36 - Blocked Shots : 8 - Penalty Minutes : 14

Official

Referees : Unknown
Linesman : Unknown

Game Notes

No Game Note

Finance

Level 1 -- Attendance: 1556 (77.80%) -- Ticket Income $62,240
Level 2 -- Attendance: 700 (70.00%) -- Ticket Income $14,000
Total Attendance: 2256 (75.20%)
Total Ticket Income: $76,240
Other Income: $3,812
Total Income: $80,052

Staline

5 vs 5 Forward 
   Center                   Left Wing                Right Wing               Time % Phy DF OF 
 1 Lars Eller               Nick Spaling             Tyler Pitlick            40     1   2  2  
 2 Corey Trivino            Bryan Bickell            Jordan Szwarz            30     1   2  2  
 3 Marek Zagrapan           Jiri Sekac               Danny Kristo             20     1   2  2  
 4 Peter Holland            Charles Hudon            Barclay Goodrow          10     1   2  2  

5 vs 5 Defense 
   Defense                  Defense                                           Time % Phy DF OF 
 1 Cameron Gaunce           Philip Larsen                                     40     1   2  2  
 2 Alex Petrovic            Viktor Loov                                       30     1   2  2  
 3 Mike Reilly              Andrey Pedan                                      20     1   2  2  
 4 Nikita Nesterov          Tyler Lewington                                   10     1   2  2  

PowerPlay Forward 
   Center                   Left Wing                Right Wing               Time % Phy DF OF 
 1 Lars Eller               Nick Spaling             Tyler Pitlick            60     1   2  2  
 2 Corey Trivino            Bryan Bickell            Jordan Szwarz            40     1   2  2  

PowerPlay Defense
   Defense                  Defense                                           Time % Phy DF OF 
 1 Cameron Gaunce           Philip Larsen                                     60     1   2  2  
 2 Alex Petrovic            Viktor Loov                                       40     1   2  2  

Penalty Kill 4 Players Forward 
   Center                   Wing                     Time % Phy DF OF 
 1 Nick Spaling             Tyler Pitlick            60     1   2  2  
 2 Lars Eller               Corey Trivino            40     1   2  2  

Penalty Kill 4 Players Defense
   Defense                  Defense                  Time % Phy DF OF 
 1 Cameron Gaunce           Philip Larsen            60     1   2  2  
 2 Alex Petrovic            Viktor Loov              40     1   2  2  

Penalty Kill - 3 Players Forward 
   Forward                                           Time % Phy DF OF 
 1 Nick Spaling                                      60     1   2  2  
 2 Tyler Pitlick                                     40     1   2  2  

Penalty Kill - 3 Players Defense
   Defense                  Defense                  Time % Phy DF OF 
 1 Cameron Gaunce           Philip Larsen            60     1   2  2  
 2 Alex Petrovic            Viktor Loov              40     1   2  2  

4 vs 4 Forward 
   Center                   Wing                     Time % Phy DF OF 
 1 Nick Spaling             Tyler Pitlick            60     1   2  2  
 2 Lars Eller               Corey Trivino            40     1   2  2  

4 vs 4 Defense
   Defense                  Defense                  Time % Phy DF OF 
 1 Cameron Gaunce           Philip Larsen            60     1   2  2  
 2 Alex Petrovic            Viktor Loov              40     1   2  2  

Last Minutes Offensive
   Center                   Left Wing                Right Wing               Defense                  Defense                  
   Lars Eller               Nick Spaling             Tyler Pitlick            Cameron Gaunce           Philip Larsen            

Last Minutes Defensive
   Center                   Left Wing                Right Wing               Defense                  Defense                  
   Lars Eller               Nick Spaling             Tyler Pitlick            Cameron Gaunce           Philip Larsen            

Goaltenders
Starting : Joni Ortio               
Backup : Andrew Hammond           

Extra Forwards
Normal : Tobias Lindberg, Sergey Tolchinsky, Marek Zagrapan - PP : Tobias Lindberg, Sergey Tolchinsky - PK : Marek Zagrapan
Extra Defensemen
Normal : David Musil, Mike Reilly, Andrey Pedan - PP : David Musil - PK : Mike Reilly, Andrey Pedan
Penalty Shots
Nick Spaling, Tyler Pitlick, Lars Eller, Corey Trivino, Jordan Szwarz

Scratches
Jason Akeson (Suspend), Darcy Kuemper (Healthy)

Influenza

5 vs 5 Forward 
   Center                   Left Wing                Right Wing               Time % Phy DF OF 
 1 Charlie Coyle            T.J Galiardi             Beau Bennett             40     1   2  2  
 2 Mark Olver               Max Domi                 Iiro Pakarinen           30     1   2  2  
 3 Jake Guentzel            Johan Larsson            Anthony Mantha           20     1   2  2  
 4 Jordan Schroeder         Nikita Gusev             Justin Bailey            10     1   2  2  

5 vs 5 Defense 
   Defense                  Defense                                           Time % Phy DF OF 
 1 Mathieu Carle            Calvin de Haan                                    40     1   2  2  
 2 Paul Ladue               Tim Erixon                                        30     1   2  2  
 3 Dmitry Sinitsyn          Nikita Zadorov                                    20     1   2  2  
 4 Mathieu Carle            Calvin de Haan                                    10     1   2  2  

PowerPlay Forward 
   Center                   Left Wing                Right Wing               Time % Phy DF OF 
 1 Charlie Coyle            T.J Galiardi             Beau Bennett             60     1   2  2  
 2 Mark Olver               Max Domi                 Iiro Pakarinen           40     1   2  2  

PowerPlay Defense
   Defense                  Defense                                           Time % Phy DF OF 
 1 Mathieu Carle            Calvin de Haan                                    60     1   2  2  
 2 Paul Ladue               Tim Erixon                                        40     1   2  2  

Penalty Kill 4 Players Forward 
   Center                   Wing                     Time % Phy DF OF 
 1 T.J Galiardi             Charlie Coyle            60     1   2  2  
 2 Beau Bennett             Mark Olver               40     1   2  2  

Penalty Kill 4 Players Defense
   Defense                  Defense                  Time % Phy DF OF 
 1 Mathieu Carle            Calvin de Haan           60     1   2  2  
 2 Paul Ladue               Tim Erixon               40     1   2  2  

Penalty Kill - 3 Players Forward 
   Forward                                           Time % Phy DF OF 
 1 T.J Galiardi                                      60     1   2  2  
 2 Charlie Coyle                                     40     1   2  2  

Penalty Kill - 3 Players Defense
   Defense                  Defense                  Time % Phy DF OF 
 1 Mathieu Carle            Calvin de Haan           60     1   2  2  
 2 Paul Ladue               Tim Erixon               40     1   2  2  

4 vs 4 Forward 
   Center                   Wing                     Time % Phy DF OF 
 1 T.J Galiardi             Charlie Coyle            60     1   2  2  
 2 Beau Bennett             Mark Olver               40     1   2  2  

4 vs 4 Defense
   Defense                  Defense                  Time % Phy DF OF 
 1 Mathieu Carle            Calvin de Haan           60     1   2  2  
 2 Paul Ladue               Tim Erixon               40     1   2  2  

Last Minutes Offensive
   Center                   Left Wing                Right Wing               Defense                  Defense                  
   Charlie Coyle            T.J Galiardi             Beau Bennett             Mathieu Carle            Calvin de Haan           

Last Minutes Defensive
   Center                   Left Wing                Right Wing               Defense                  Defense                  
   Charlie Coyle            T.J Galiardi             Beau Bennett             Mathieu Carle            Calvin de Haan           

Goaltenders
Starting : Jeremy Duchesne          
Backup : Tyson Sexsmith           

Extra Forwards
Normal : Jake Guentzel, Jordan Schroeder, Max Domi - PP : Jake Guentzel, Jordan Schroeder - PK : Max Domi
Extra Defensemen
Normal : Dmitry Sinitsyn, Nikita Zadorov, Paul Ladue - PP : Dmitry Sinitsyn - PK : Nikita Zadorov, Paul Ladue
Penalty Shots
T.J Galiardi, Charlie Coyle, Beau Bennett, Mark Olver, Max Domi

Scratches
Jacob Josefson (Healthy), Shane Prince (Healthy), Jamie Devane (Healthy), Jeff Corbett (Healthy), Joe Morrow (Healthy)
Henri Ikonen (Healthy), Fredric Larsson (Healthy), Tom Kuhnhackl (Healthy), Jimmy Vesey (Strained Left Knee Injury), Rocco Grimaldi (Healthy)
Josh Andrerson (Healthy), Jesse Graham (Healthy), Jamie Phillips (Healthy)

% Time on Ice - Staline

Lines # - Real PCT - Wanted PCT - Time Play
Normal Forward
1 - 35% - 40% - 12:35
2 - 28% - 30% - 9:58
3 - 22% - 20% - 7:42
4 - 15% - 10% - 5:25
Normal Defense
1 - 44% - 40% - 15:45
2 - 29% - 30% - 10:25
3 - 18% - 20% - 6:34
4 - 8% - 10% - 2:56
PP Forward
1 - 66% - 60% - 2:09
2 - 34% - 40% - 1:07
PP Defense
1 - 72% - 60% - 2:21
2 - 28% - 40% - 0:55
PK Forward
1 - 67% - 60% - 11:16
2 - 33% - 40% - 5:29
PK Defense
1 - 64% - 60% - 10:39
2 - 36% - 40% - 6:06
PK3 Forward
1 - 0% - 60%
2 - 0% - 40%
PK3 Defense
1 - 0% - 60%
2 - 0% - 40%
44 Forward
1 - 83% - 60% - 3:19
2 - 17% - 40% - 0:42
44 Defense
1 - 66% - 60% - 2:38
2 - 34% - 40% - 1:23
Last Minute Offensive  - 0:00
Last Minute Defensive  - 0:18
Total
Forward - 60:00
Defense - 60:00

% Time on Ice - Influenza

Lines # - Real PCT - Wanted PCT - Time Play
Normal Forward
1 - 35% - 40% - 12:13
2 - 26% - 30% - 9:01
3 - 25% - 20% - 8:59
4 - 14% - 10% - 5:02
Normal Defense
1 - 44% - 40% - 15:22
2 - 33% - 30% - 11:31
3 - 23% - 20% - 7:58
4 - 1% - 10% - 0:24
PP Forward
1 - 56% - 60% - 9:27
2 - 44% - 40% - 7:18
PP Defense
1 - 57% - 60% - 9:34
2 - 43% - 40% - 7:11
PK Forward
1 - 92% - 60% - 2:42
2 - 8% - 40% - 0:15
PK Defense
1 - 65% - 60% - 1:55
2 - 35% - 40% - 1:02
PK3 Forward
1 - 95% - 60% - 0:56
2 - 5% - 40% - 0:03
PK3 Defense
1 - 100% - 60% - 0:59
2 - 0% - 40% - 0:00
44 Forward
1 - 81% - 60% - 2:43
2 - 19% - 40% - 0:38
44 Defense
1 - 62% - 60% - 2:04
2 - 38% - 40% - 1:17
Last Minute Offensive  - 0:43
Last Minute Defensive  - 0:00
Total
Forward - 60:00
Defense - 60:00

Play by Play

1st period


0:01 of 1st period - Lars Eller wins face-off versus Charlie Coyle in neutral zone.
1:54 of 1st period - Snap shot by Tyler Pitlick.
1:54 of 1st period - Stopped by Jeremy Duchesne with a rebound.
1:56 of 1st period - Wrist shot by Nick Spaling.
1:56 of 1st period - Stopped by Jeremy Duchesne with a rebound.
2:30 of 1st period - Slapshot by Danny Kristo.
2:30 of 1st period - Shot Misses the Net.
2:38 of 1st period - Slapshot by Danny Kristo.
2:38 of 1st period - Shot Misses the Net.
3:06 of 1st period - Philip Larsen is hit by T.J Galiardi and loses puck.
3:48 of 1st period - Icing by Cameron Gaunce.
3:49 of 1st period - Lars Eller wins face-off versus Jake Guentzel in Staline zone.
5:16 of 1st period - Snap shot by Jordan Szwarz.
5:16 of 1st period - Stopped by Jeremy Duchesne with a rebound.
5:21 of 1st period - Off-side.
5:22 of 1st period - Lars Eller wins face-off versus Mark Olver in neutral zone.
5:49 of 1st period - Snap shot by Jake Guentzel.
5:49 of 1st period - Shot Blocked by Corey Trivino.
5:54 of 1st period - Off-side.
5:55 of 1st period - Jake Guentzel wins face-off versus Corey Trivino in neutral zone.
6:21 of 1st period - Minor Penalty to Cameron Gaunce for Hooking.
6:22 of 1st period - Nick Spaling wins face-off versus Charlie Coyle in Staline zone.
6:36 of 1st period - Wrist shot by Beau Bennett.
6:36 of 1st period - Shot Blocked by Philip Larsen.
6:38 of 1st period - Slapshot by Calvin de Haan.
6:38 of 1st period - Stopped by Joni Ortio without a rebound.
6:39 of 1st period - Nick Spaling wins face-off versus Max Domi in Staline zone.
6:48 of 1st period - Wrist shot by Iiro Pakarinen.
6:48 of 1st period - Shot Misses the Net.
6:50 of 1st period - Snap shot by Mark Olver.
6:50 of 1st period - Shot Blocked by Nick Spaling.
6:52 of 1st period - Snap shot by Mark Olver.
6:52 of 1st period - Stopped by Joni Ortio with a rebound.
6:54 of 1st period - Slapshot by Mathieu Carle.
6:54 of 1st period - Shot Misses the Net.
7:44 of 1st period - Mathieu Carle is hit by Tyler Pitlick.
8:08 of 1st period - Icing by Mark Olver.
8:09 of 1st period - Iiro Pakarinen wins face-off versus Nick Spaling in Influenza zone.
8:21 of 1st period - Penalty to Cameron Gaunce is over, Cameron Gaunce is back on ice.
8:22 of 1st period - Tim Erixon is hit by Cameron Gaunce.
8:36 of 1st period - Dmitry Sinitsyn is hit by Andrey Pedan and loses puck.
9:17 of 1st period - Snap shot by T.J Galiardi.
9:17 of 1st period - Shot Blocked by Viktor Loov.
9:19 of 1st period - Slapshot by Nikita Zadorov.
9:19 of 1st period - Stopped by Joni Ortio without a rebound.
9:20 of 1st period - Lars Eller wins face-off versus Charlie Coyle in Staline zone.
9:27 of 1st period - Snap shot by Beau Bennett.
9:27 of 1st period - Shot Misses the Net.
9:29 of 1st period - Slapshot by Mathieu Carle.
9:29 of 1st period - Shot Misses the Net.
9:31 of 1st period - Slapshot by T.J Galiardi.
9:31 of 1st period - Stopped by Joni Ortio without a rebound.
9:32 of 1st period - Charlie Coyle wins face-off versus Lars Eller in Staline zone.
10:40 of 1st period - Minor Penalty to Philip Larsen for Interference.
10:41 of 1st period - Nick Spaling wins face-off versus Beau Bennett in Staline zone.
11:14 of 1st period - Snap shot by Max Domi.
11:14 of 1st period - Stopped by Joni Ortio with a rebound.
12:40 of 1st period - Penalty to Philip Larsen is over, Philip Larsen is back on ice.
12:55 of 1st period - Snap shot by Peter Holland.
12:55 of 1st period - Shot Blocked by Calvin de Haan.
12:57 of 1st period - Snap shot by Tyler Lewington.
12:57 of 1st period - Shot Misses the Net.
12:59 of 1st period - Snap shot by Peter Holland.
12:59 of 1st period - Stopped by Jeremy Duchesne with a rebound.
13:21 of 1st period - Snap shot by Jordan Schroeder.
13:21 of 1st period - Shot Blocked by Marek Zagrapan.
13:33 of 1st period - Snap shot by Jordan Szwarz.
13:33 of 1st period - Shot Blocked by Nikita Zadorov.
14:36 of 1st period - Icing by Mark Olver.
14:37 of 1st period - Marek Zagrapan wins face-off versus Mark Olver in Influenza zone.
14:56 of 1st period - Tim Erixon is hit by Philip Larsen and loses puck.
15:56 of 1st period - Barclay Goodrow is hit by T.J Galiardi and loses puck.
16:08 of 1st period - Off-side.
16:09 of 1st period - Lars Eller wins face-off versus Mark Olver in neutral zone.
16:18 of 1st period - Snap shot by Lars Eller.
16:18 of 1st period - Shot Misses the Net.
16:53 of 1st period - Wrist shot by Jordan Szwarz.
16:53 of 1st period - Deflect By Corey Trivino.
16:53 of 1st period - Shot Misses the Net.
16:53 of 1st period - Puck is out of play.
16:54 of 1st period - Charlie Coyle wins face-off versus Corey Trivino in Influenza zone.
17:08 of 1st period - Snap shot by Beau Bennett.
17:08 of 1st period - Stopped by Joni Ortio without a rebound.
17:09 of 1st period - Charlie Coyle wins face-off versus Lars Eller in Staline zone.
17:20 of 1st period - Slapshot by Nick Spaling.
17:20 of 1st period - Stopped by Jeremy Duchesne with a rebound.
17:22 of 1st period - Slapshot by Tyler Pitlick.
17:22 of 1st period - Shot Misses the Net.
17:24 of 1st period - Slapshot by Cameron Gaunce.
17:24 of 1st period - Deflect By T.J Galiardi.
17:24 of 1st period - Stopped by Jeremy Duchesne with a rebound.
17:34 of 1st period - Jordan Szwarz is hit by Calvin de Haan and loses puck.
17:39 of 1st period - Snap shot by Jake Guentzel.
17:39 of 1st period - Shot Blocked by Philip Larsen.
17:41 of 1st period - Slapshot by Tim Erixon.
17:41 of 1st period - Stopped by Joni Ortio with a rebound.
17:43 of 1st period - Wrist shot by Jake Guentzel.
17:43 of 1st period - Stopped by Joni Ortio without a rebound.
17:44 of 1st period - Lars Eller wins face-off versus Charlie Coyle in Staline zone.
18:09 of 1st period - Tim Erixon is hit by Bryan Bickell and loses puck.
18:34 of 1st period - Wrist shot by Jake Guentzel.
18:34 of 1st period - Stopped by Joni Ortio with a rebound.
18:43 of 1st period - Minor Penalty to Anthony Mantha for Hooking.
18:44 of 1st period - Lars Eller wins face-off versus Charlie Coyle in Influenza zone.
18:48 of 1st period - Snap shot by Lars Eller.
18:48 of 1st period - Goal by Lars Eller - Staline : 1 - Influenza : 0.
18:49 of 1st period - Charlie Coyle wins face-off versus Tyler Pitlick in neutral zone.
18:58 of 1st period - Slapshot by Calvin de Haan.
18:58 of 1st period - Shot Misses the Net.
19:00 of 1st period - Wrist shot by Beau Bennett.
19:00 of 1st period - Deflect By T.J Galiardi.
19:00 of 1st period - Goal by T.J Galiardi - Staline : 1 - Influenza : 1.
19:01 of 1st period - T.J Galiardi wins face-off versus Lars Eller in neutral zone.
19:06 of 1st period - Wrist shot by Beau Bennett.
19:06 of 1st period - Shot Misses the Net.
19:12 of 1st period - Wrist shot by Lars Eller.
19:12 of 1st period - Shot Blocked by Tim Erixon.
19:57 of 1st period - Paul Ladue is hit by Marek Zagrapan and loses puck.
Goals for this period are 1 for Staline vs 1 for Influenza.
Shots for this period are 7 for Staline vs 10 for Influenza.

2nd period


0:01 of 2nd period - Lars Eller wins face-off versus Charlie Coyle in neutral zone.
0:04 of 2nd period - Snap shot by Nick Spaling.
0:04 of 2nd period - Deflect By Tyler Pitlick.
0:04 of 2nd period - Goal by Tyler Pitlick - Staline : 2 - Influenza : 1.
0:05 of 2nd period - Lars Eller wins face-off versus Charlie Coyle in neutral zone.
0:08 of 2nd period - Snap shot by Lars Eller.
0:08 of 2nd period - Deflect By Tyler Pitlick.
0:08 of 2nd period - Shot Misses the Net.
0:08 of 2nd period - Puck is out of play.
0:09 of 2nd period - Lars Eller wins face-off versus Charlie Coyle in Influenza zone.
0:14 of 2nd period - Snap shot by Lars Eller.
0:14 of 2nd period - Stopped by Jeremy Duchesne with a rebound.
0:15 of 2nd period - Minor Penalty to Lars Eller for Hooking.
0:16 of 2nd period - Beau Bennett wins face-off versus Tyler Pitlick in Staline zone.
0:17 of 2nd period - Wrist shot by Charlie Coyle.
0:17 of 2nd period - Stopped by Joni Ortio with a rebound.
2:15 of 2nd period - Penalty to Lars Eller is over, Lars Eller is back on ice.
2:27 of 2nd period - Anthony Mantha is hit by Peter Holland and loses puck.
2:36 of 2nd period - Andrey Pedan is hit by Johan Larsson and loses puck.
2:52 of 2nd period - Minor Penalty to Andrey Pedan for Roughing.
2:53 of 2nd period - Nick Spaling wins face-off versus Charlie Coyle in Staline zone.
3:05 of 2nd period - Snap shot by T.J Galiardi.
3:05 of 2nd period - Shot Misses the Net.
3:07 of 2nd period - Slapshot by T.J Galiardi.
3:07 of 2nd period - Shot Misses the Net.
3:29 of 2nd period - Slapshot by Calvin de Haan.
3:29 of 2nd period - Shot Blocked by Philip Larsen.
4:31 of 2nd period - Mathieu Carle is hit by Cameron Gaunce and loses puck.
4:52 of 2nd period - Penalty to Andrey Pedan is over, Andrey Pedan is back on ice.
5:02 of 2nd period - Snap shot by Corey Trivino.
5:02 of 2nd period - Stopped by Jeremy Duchesne without a rebound.
5:03 of 2nd period - Jake Guentzel wins face-off versus Marek Zagrapan in Influenza zone.
6:09 of 2nd period - Snap shot by Peter Holland.
6:09 of 2nd period - Deflect By Barclay Goodrow.
6:09 of 2nd period - Shot Blocked by Jake Guentzel.
6:09 of 2nd period - Puck is out of play.
6:10 of 2nd period - Lars Eller wins face-off versus Jake Guentzel in Influenza zone.
6:16 of 2nd period - Off-side.
6:17 of 2nd period - Beau Bennett wins face-off versus Tyler Pitlick in neutral zone.
6:39 of 2nd period - Icing by Calvin de Haan.
6:40 of 2nd period - Corey Trivino wins face-off versus Charlie Coyle in Influenza zone.
6:45 of 2nd period - Snap shot by Corey Trivino.
6:45 of 2nd period - Stopped by Jeremy Duchesne without a rebound.
6:46 of 2nd period - Lars Eller wins face-off versus Mark Olver in Influenza zone.
6:51 of 2nd period - Snap shot by Tyler Pitlick.
6:51 of 2nd period - Shot Misses the Net.
6:53 of 2nd period - Slapshot by Cameron Gaunce.
6:53 of 2nd period - Deflect By Calvin de Haan.
6:53 of 2nd period - Stopped by Jeremy Duchesne without a rebound.
6:54 of 2nd period - Max Domi wins face-off versus Lars Eller in Influenza zone.
6:54 of 2nd period - Max Domi is hit by Tyler Pitlick.
6:57 of 2nd period - Minor Penalty to Max Domi for Slashing.
6:58 of 2nd period - T.J Galiardi wins face-off versus Lars Eller in Influenza zone.
7:09 of 2nd period - Minor Penalty to Lars Eller for Holding.
7:10 of 2nd period - T.J Galiardi wins face-off versus Nick Spaling in Staline zone.
7:42 of 2nd period - Cameron Gaunce is hit by Tim Erixon and loses puck.
7:52 of 2nd period - Icing by Tim Erixon.
7:53 of 2nd period - T.J Galiardi wins face-off versus Tobias Lindberg in Influenza zone.
8:30 of 2nd period - Slapshot by Corey Trivino.
8:30 of 2nd period - Stopped by Jeremy Duchesne without a rebound.
8:31 of 2nd period - Tobias Lindberg wins face-off versus T.J Galiardi in Influenza zone.
8:32 of 2nd period - Slapshot by Corey Trivino.
8:32 of 2nd period - Shot Misses the Net.
8:36 of 2nd period - Snap shot by Corey Trivino.
8:36 of 2nd period - Deflect By Tobias Lindberg.
8:36 of 2nd period - Stopped by Jeremy Duchesne without a rebound.
8:37 of 2nd period - Nick Spaling wins face-off versus T.J Galiardi in Influenza zone.
8:57 of 2nd period - Penalty to Max Domi is over, Max Domi is back on ice.
9:09 of 2nd period - Penalty to Lars Eller is over, Lars Eller is back on ice.
9:46 of 2nd period - Backhand shot by Danny Kristo.
9:46 of 2nd period - Stopped by Jeremy Duchesne with a rebound.
9:54 of 2nd period - Slapshot by Tim Erixon.
9:54 of 2nd period - Stopped by Joni Ortio with a rebound.
10:02 of 2nd period - Minor Penalty to Anthony Mantha for Hooking.
10:03 of 2nd period - Nick Spaling wins face-off versus T.J Galiardi in Influenza zone.
10:14 of 2nd period - Snap shot by Lars Eller.
10:14 of 2nd period - Deflect By Tyler Pitlick.
10:14 of 2nd period - Stopped by Jeremy Duchesne without a rebound.
10:15 of 2nd period - T.J Galiardi wins face-off versus Lars Eller in Influenza zone.
10:28 of 2nd period - Slapshot by Nick Spaling.
10:28 of 2nd period - Shot Misses the Net.
10:56 of 2nd period - Snap shot by Philip Larsen.
10:56 of 2nd period - Shot Misses the Net.
11:02 of 2nd period - Minor Penalty to Paul Ladue for Roughing.
11:03 of 2nd period - T.J Galiardi wins face-off versus Nick Spaling in Influenza zone.
11:16 of 2nd period - Slapshot by Mathieu Carle.
11:16 of 2nd period - Deflect By T.J Galiardi.
11:16 of 2nd period - Shot Misses the Net.
11:16 of 2nd period - Puck is out of play.
11:17 of 2nd period - T.J Galiardi wins face-off versus Lars Eller in Staline zone.
11:21 of 2nd period - Minor Penalty to Nick Spaling for Roughing.
11:22 of 2nd period - Tobias Lindberg wins face-off versus T.J Galiardi in Staline zone.
11:31 of 2nd period - Tyler Pitlick is hit by Mathieu Carle and loses puck.
12:02 of 2nd period - Penalty to Anthony Mantha is over, Anthony Mantha is back on ice.
13:02 of 2nd period - Penalty to Paul Ladue is over, Paul Ladue is back on ice.
13:21 of 2nd period - Penalty to Nick Spaling is over, Nick Spaling is back on ice.
13:23 of 2nd period - Slapshot by Paul Ladue.
13:23 of 2nd period - Shot Misses the Net.
13:25 of 2nd period - Slapshot by Nikita Zadorov.
13:25 of 2nd period - Stopped by Joni Ortio with a rebound.
13:27 of 2nd period - Snap shot by Max Domi.
13:27 of 2nd period - Shot Blocked by Cameron Gaunce.
13:34 of 2nd period - Slapshot by Tim Erixon.
13:34 of 2nd period - Shot Misses the Net.
13:38 of 2nd period - Wrist shot by Max Domi.
13:38 of 2nd period - Stopped by Joni Ortio with a rebound.
13:40 of 2nd period - Backhand shot by Paul Ladue.
13:40 of 2nd period - Stopped by Joni Ortio without a rebound.
13:41 of 2nd period - Jiri Sekac wins face-off versus Charlie Coyle in Staline zone.
13:52 of 2nd period - Snap shot by Danny Kristo.
13:52 of 2nd period - Goal by Danny Kristo - Staline : 3 - Influenza : 1.
13:53 of 2nd period - Corey Trivino wins face-off versus Charlie Coyle in neutral zone.
13:58 of 2nd period - Slapshot by Corey Trivino.
13:58 of 2nd period - Deflect By Jordan Szwarz.
13:58 of 2nd period - Shot Misses the Net.
13:58 of 2nd period - Puck is out of play.
13:59 of 2nd period - Jordan Szwarz wins face-off versus Charlie Coyle in Influenza zone.
14:06 of 2nd period - Wrist shot by Corey Trivino.
14:06 of 2nd period - Shot Misses the Net.
14:10 of 2nd period - Wrist shot by Jordan Szwarz.
14:10 of 2nd period - Shot Blocked by Calvin de Haan.
14:12 of 2nd period - Slapshot by Alex Petrovic.
14:12 of 2nd period - Stopped by Jeremy Duchesne with a rebound.
14:14 of 2nd period - Snap shot by Bryan Bickell.
14:14 of 2nd period - Stopped by Jeremy Duchesne with a rebound.
14:20 of 2nd period - Minor Penalty to Mathieu Carle for Hooking.
14:21 of 2nd period - T.J Galiardi wins face-off versus Lars Eller in Influenza zone.
14:34 of 2nd period - Slapshot by Philip Larsen.
14:34 of 2nd period - Goal by Philip Larsen - Staline : 4 - Influenza : 1.
14:35 of 2nd period - Charlie Coyle wins face-off versus Lars Eller in neutral zone.
15:09 of 2nd period - Off-side.
15:10 of 2nd period - Charlie Coyle wins face-off versus Corey Trivino in neutral zone.
15:48 of 2nd period - Wrist shot by Mark Olver.
15:48 of 2nd period - Stopped by Joni Ortio without a rebound.
15:49 of 2nd period - Lars Eller wins face-off versus Beau Bennett in Staline zone.
15:51 of 2nd period - Icing by Philip Larsen.
15:52 of 2nd period - Charlie Coyle wins face-off versus Nick Spaling in Staline zone.
16:03 of 2nd period - Snap shot by Beau Bennett.
16:03 of 2nd period - Shot Misses the Net.
16:05 of 2nd period - Wrist shot by Beau Bennett.
16:05 of 2nd period - Stopped by Joni Ortio without a rebound.
16:06 of 2nd period - Lars Eller wins face-off versus Charlie Coyle in Staline zone.
16:06 of 2nd period - Lars Eller is hit by Mathieu Carle.
16:14 of 2nd period - Snap shot by T.J Galiardi.
16:14 of 2nd period - Stopped by Joni Ortio without a rebound.
16:15 of 2nd period - Lars Eller wins face-off versus Charlie Coyle in Staline zone.
16:15 of 2nd period - Lars Eller is hit by Mathieu Carle.
16:20 of 2nd period - Off-side.
16:21 of 2nd period - Lars Eller wins face-off versus Charlie Coyle in neutral zone.
17:09 of 2nd period - Snap shot by Johan Larsson.
17:09 of 2nd period - Deflect By Anthony Mantha.
17:09 of 2nd period - Shot Blocked by Alex Petrovic.
17:09 of 2nd period - Puck is out of play.
17:10 of 2nd period - Barclay Goodrow wins face-off versus Jake Guentzel in Staline zone.
17:10 of 2nd period - Barclay Goodrow is hit by Johan Larsson.
17:47 of 2nd period - Snap shot by Lars Eller.
17:47 of 2nd period - Deflect By Tyler Pitlick.
17:47 of 2nd period - Stopped by Jeremy Duchesne with a rebound.
18:03 of 2nd period - Danny Kristo is hit by Iiro Pakarinen and loses puck.
18:20 of 2nd period - Slapshot by Calvin de Haan.
18:20 of 2nd period - Stopped by Joni Ortio without a rebound.
18:21 of 2nd period - Bryan Bickell wins face-off versus Jake Guentzel in Staline zone.
18:21 of 2nd period - Minor Penalty to Andrey Pedan for Hooking.
18:22 of 2nd period - Charlie Coyle wins face-off versus Nick Spaling in Staline zone.
18:33 of 2nd period - Slapshot by Beau Bennett.
18:33 of 2nd period - Goal by Beau Bennett - Staline : 4 - Influenza : 2.
18:34 of 2nd period - Charlie Coyle wins face-off versus Lars Eller in neutral zone.
19:09 of 2nd period - Off-side.
19:10 of 2nd period - Lars Eller wins face-off versus Mark Olver in neutral zone.
19:10 of 2nd period - Lars Eller is hit by Tim Erixon.
19:14 of 2nd period - Slapshot by Viktor Loov.
19:14 of 2nd period - Shot Blocked by Iiro Pakarinen.
19:22 of 2nd period - Wrist shot by Iiro Pakarinen.
19:22 of 2nd period - Shot Misses the Net.
19:26 of 2nd period - Wrist shot by Max Domi.
19:26 of 2nd period - Shot Blocked by Lars Eller.
19:32 of 2nd period - Minor Penalty to Nick Spaling for Holding Stick.
19:33 of 2nd period - Charlie Coyle wins face-off versus Marek Zagrapan in Staline zone.
Goals for this period are 3 for Staline vs 1 for Influenza.
Shots for this period are 14 for Staline vs 10 for Influenza.

3rd period


0:01 of 3rd period - Marek Zagrapan wins face-off versus Charlie Coyle in neutral zone.
0:16 of 3rd period - Snap shot by T.J Galiardi.
0:16 of 3rd period - Goal by T.J Galiardi - Staline : 4 - Influenza : 3.
0:17 of 3rd period - Charlie Coyle wins face-off versus Lars Eller in neutral zone.
0:50 of 3rd period - Wrist shot by Iiro Pakarinen.
0:50 of 3rd period - Shot Misses the Net.
1:03 of 3rd period - Minor Penalty to Philip Larsen for Tripping.
1:04 of 3rd period - Nick Spaling wins face-off versus Charlie Coyle in Staline zone.
1:04 of 3rd period - Nick Spaling is hit by Beau Bennett.
1:15 of 3rd period - Slapshot by Tyler Pitlick.
1:15 of 3rd period - Stopped by Jeremy Duchesne without a rebound.
1:16 of 3rd period - Nick Spaling wins face-off versus Charlie Coyle in Influenza zone.
1:21 of 3rd period - Slapshot by Tyler Pitlick.
1:21 of 3rd period - Stopped by Jeremy Duchesne without a rebound.
1:22 of 3rd period - Nick Spaling wins face-off versus Charlie Coyle in Influenza zone.
1:53 of 3rd period - Corey Trivino is hit by Max Domi and loses puck.
2:28 of 3rd period - Minor Penalty to T.J Galiardi for Kneeing.
2:29 of 3rd period - Jake Guentzel wins face-off versus Nick Spaling in Influenza zone.
3:03 of 3rd period - Penalty to Philip Larsen is over, Philip Larsen is back on ice.
3:14 of 3rd period - Paul Ladue is hit by Jordan Szwarz and loses puck.
3:44 of 3rd period - Icing by Alex Petrovic.
3:45 of 3rd period - Jordan Schroeder wins face-off versus Lars Eller in Staline zone.
4:28 of 3rd period - Penalty to T.J Galiardi is over, T.J Galiardi is back on ice.
4:38 of 3rd period - Snap shot by Jiri Sekac.
4:38 of 3rd period - Stopped by Jeremy Duchesne without a rebound.
4:39 of 3rd period - Johan Larsson wins face-off versus Marek Zagrapan in Influenza zone.
5:02 of 3rd period - Marek Zagrapan is hit by Max Domi and loses puck.
5:45 of 3rd period - Wrist shot by Jake Guentzel.
5:45 of 3rd period - Shot Blocked by Corey Trivino.
5:47 of 3rd period - Snap shot by Johan Larsson.
5:47 of 3rd period - Goal by Johan Larsson - Staline : 4 - Influenza : 4.
5:48 of 3rd period - Charlie Coyle wins face-off versus Lars Eller in neutral zone.
6:04 of 3rd period - Slapshot by Lars Eller.
6:04 of 3rd period - Deflect By Tyler Pitlick.
6:04 of 3rd period - Shot Misses the Net.
6:04 of 3rd period - Puck is out of play.
6:05 of 3rd period - Corey Trivino wins face-off versus Max Domi in Influenza zone.
6:11 of 3rd period - Off-side.
6:12 of 3rd period - Corey Trivino wins face-off versus Mark Olver in neutral zone.
6:22 of 3rd period - Slapshot by Iiro Pakarinen.
6:22 of 3rd period - Stopped by Joni Ortio with a rebound.
6:46 of 3rd period - Wrist shot by Jordan Szwarz.
6:46 of 3rd period - Shot Blocked by Mathieu Carle.
6:52 of 3rd period - Bryan Bickell is hit by Calvin de Haan and loses puck.
7:19 of 3rd period - Tyler Pitlick is hit by Beau Bennett and loses puck.
7:32 of 3rd period - Slapshot by Danny Kristo.
7:32 of 3rd period - Stopped by Jeremy Duchesne without a rebound.
7:33 of 3rd period - Mark Olver wins face-off versus Marek Zagrapan in Influenza zone.
7:33 of 3rd period - Max Domi is hit by Danny Kristo and loses puck.
7:45 of 3rd period - Minor Penalty to Iiro Pakarinen for Cross-checking.
7:46 of 3rd period - Lars Eller wins face-off versus T.J Galiardi in Influenza zone.
7:46 of 3rd period - Snap shot by Nick Spaling.
7:46 of 3rd period - Goal by Nick Spaling - Staline : 5 - Influenza : 4.
7:47 of 3rd period - Charlie Coyle wins face-off versus Lars Eller in neutral zone.
7:50 of 3rd period - Snap shot by T.J Galiardi.
7:50 of 3rd period - Deflect By Beau Bennett.
7:50 of 3rd period - Shot Misses the Net.
7:50 of 3rd period - Puck is out of play.
7:51 of 3rd period - Lars Eller wins face-off versus Charlie Coyle in Staline zone.
7:51 of 3rd period - Lars Eller is hit by Calvin de Haan.
8:27 of 3rd period - Snap shot by Iiro Pakarinen.
8:27 of 3rd period - Deflect By Max Domi.
8:27 of 3rd period - Stopped by Joni Ortio without a rebound.
8:28 of 3rd period - Lars Eller wins face-off versus Charlie Coyle in Staline zone.
9:19 of 3rd period - Slapshot by Jake Guentzel.
9:19 of 3rd period - Shot Misses the Net.
9:21 of 3rd period - Snap shot by Johan Larsson.
9:21 of 3rd period - Stopped by Joni Ortio with a rebound.
9:23 of 3rd period - Wrist shot by Jake Guentzel.
9:23 of 3rd period - Shot Blocked by Philip Larsen.
9:25 of 3rd period - Slapshot by Tim Erixon.
9:25 of 3rd period - Deflect By Jake Guentzel.
9:25 of 3rd period - Shot Misses the Net.
9:25 of 3rd period - Puck is out of play.
9:26 of 3rd period - Charlie Coyle wins face-off versus Lars Eller in Staline zone.
9:47 of 3rd period - Minor Penalty to Andrey Pedan for Hooking.
9:48 of 3rd period - Nick Spaling wins face-off versus Charlie Coyle in Staline zone.
11:47 of 3rd period - Penalty to Andrey Pedan is over, Andrey Pedan is back on ice.
12:19 of 3rd period - Snap shot by Marek Zagrapan.
12:19 of 3rd period - Shot Blocked by Tim Erixon.
12:55 of 3rd period - Snap shot by Peter Holland.
12:55 of 3rd period - Stopped by Jeremy Duchesne with a rebound.
12:57 of 3rd period - Snap shot by Barclay Goodrow.
12:57 of 3rd period - Stopped by Jeremy Duchesne without a rebound.
12:58 of 3rd period - Peter Holland wins face-off versus Jordan Schroeder in Influenza zone.
13:01 of 3rd period - Snap shot by Peter Holland.
13:01 of 3rd period - Stopped by Jeremy Duchesne without a rebound.
13:02 of 3rd period - Lars Eller wins face-off versus Jordan Schroeder in Influenza zone.
13:13 of 3rd period - Jordan Schroeder is hit by Philip Larsen and loses puck.
13:30 of 3rd period - Snap shot by Jordan Schroeder.
13:30 of 3rd period - Stopped by Joni Ortio with a rebound.
14:09 of 3rd period - Snap shot by Mark Olver.
14:09 of 3rd period - Stopped by Joni Ortio with a rebound.
14:11 of 3rd period - Backhand shot by Nikita Zadorov.
14:11 of 3rd period - Shot Blocked by Nick Spaling.
14:13 of 3rd period - Slapshot by Dmitry Sinitsyn.
14:13 of 3rd period - Shot Blocked by Mike Reilly.
14:23 of 3rd period - Minor Penalty to Mike Reilly for Holding.
14:24 of 3rd period - Nick Spaling wins face-off versus Charlie Coyle in Staline zone.
15:01 of 3rd period - Corey Trivino is hit by Max Domi and loses puck.
16:23 of 3rd period - Penalty to Mike Reilly is over, Mike Reilly is back on ice.
16:53 of 3rd period - Snap shot by Barclay Goodrow.
16:53 of 3rd period - Shot Misses the Net.
17:03 of 3rd period - Slapshot by Calvin de Haan.
17:03 of 3rd period - Deflect By Anthony Mantha.
17:03 of 3rd period - Stopped by Joni Ortio without a rebound.
17:04 of 3rd period - Jordan Schroeder wins face-off versus Marek Zagrapan in Staline zone.
17:05 of 3rd period - Wrist shot by Justin Bailey.
17:05 of 3rd period - Shot Misses the Net.
17:07 of 3rd period - Minor Penalty to Marek Zagrapan for Roughing.
17:08 of 3rd period - Charlie Coyle wins face-off versus Nick Spaling in Staline zone.
17:33 of 3rd period - Corey Trivino is hit by Mark Olver and loses puck.
18:23 of 3rd period - Mark Olver is hit by Lars Eller and loses puck.
19:04 of 3rd period - Jake Guentzel is hit by Peter Holland and loses puck.
19:07 of 3rd period - Penalty to Marek Zagrapan is over, Marek Zagrapan is back on ice.
19:11 of 3rd period - Influenza, Jeremy Duchesne is pulled from the net.
19:25 of 3rd period - Peter Holland is hit by Iiro Pakarinen.
19:41 of 3rd period - Slapshot by Charlie Coyle.
19:41 of 3rd period - Stopped by Joni Ortio without a rebound.
19:42 of 3rd period - Joel Quenneville call a timeout for Influenza.
19:42 of 3rd period - Charlie Coyle wins face-off versus Lars Eller in Staline zone.
19:51 of 3rd period - Wrist shot by Charlie Coyle.
19:51 of 3rd period - Stopped by Joni Ortio with a rebound.
19:53 of 3rd period - Wrist shot by Charlie Coyle.
19:53 of 3rd period - Stopped by Joni Ortio with a rebound.
19:55 of 3rd period - Wrist shot by Johan Larsson.
19:55 of 3rd period - Stopped by Joni Ortio without a rebound.
19:56 of 3rd period - Charlie Coyle wins face-off versus Lars Eller in Staline zone.
Goals for this period are 1 for Staline vs 2 for Influenza.
Shots for this period are 8 for Staline vs 12 for Influenza.